 Dungeon Crawl Stone Soup version 0.29.1-12-g30fa7ad0bf (webtiles) character file.

Game seed: 11932738624360757533

244 wormed the Shooter (level 5, -1/46 HPs)
             Began as a Demigod Hunter on Dec 24, 2022.
             Succumbed to an orc's poison
             ... on level 4 of the Dungeon.
             The game lasted 00:07:02 (2692 turns).

wormed the Shooter (Demigod Hunter)                 Turns: 2692, Time: 00:07:03

Health: -1/46      AC: 11    Str: 12    XL:     5   Next: 52%
Magic:  7/7        EV: 11    Int: 11    God:
Gold:   39         SH:  0    Dex: 21    Spells: 4/4 levels left

rFire   . . .      SeeInvis .   a - +0 shortbow
rCold   . . .      Faith    .   (shield currently unavailable)
rNeg    . . .      Spirit   .   o - +4 ring mail
rPois   .          Reflect  .   n - +0 helmet
rElec   .          Harm     .   (no cloak)
rCorr   +          Rampage  .   (no gloves)
Will    .....                   e - +0 pair of boots
Stlth   +.........              (no amulet)
HPRegen 0.15/turn               l - ring of resist corrosion
MPRegen 0.10/turn               (no ring)

@: lethally poisoned (-1 -> -5)
A: high MP 1, forlorn, divine attributes
a: no special abilities


You were on level 4 of the Dungeon.
You visited 1 branch of the dungeon, and saw 5 of its levels.

You collected 39 gold pieces.

Inventory:

Hand Weapons
 a - a +0 shortbow (weapon)
Armour
 c - a +0 leather armour
 e - a +0 pair of boots (worn)
 n - a +0 helmet (worn)
 o - a +4 ring mail (worn)
Jewellery
 l - a ring of resist corrosion (left hand)
Wands
 p - a wand of flame (8)
Scrolls
 b - 2 scrolls of immolation
 f - a scroll of teleportation {unknown}
 h - 2 scrolls of blinking {unknown}
 j - a scroll of identify {unknown}
 k - 2 scrolls of enchant weapon {unknown}
 s - a scroll of amnesia {unknown}
Potions
 d - a potion of lignification {unknown}
 g - a potion of degeneration {unknown}
 i - a potion of curing {unknown}
 m - 2 potions of attraction {unknown}
 q - a potion of ambrosia
 r - a potion of invisibility


   Skills:
 + Level 3.8 Fighting
 + Level 4.9 Ranged Weapons
 - Level 2.0 Armour
 - Level 2.0 Dodging
 - Level 1.0 Stealth


You had 4 spell levels left.
You didn't know any spells.
Your spell library was empty.

Dungeon Overview and Level Annotations

Branches:
Dungeon (5/15)
 Temple: D:4-7

Annotations:
D:4 Dowan, Duvessa


Innate Abilities, Weirdness & Mutations

You have an increased reservoir of magic. (+10% MP)
You shall have no god before yourself.
Your divine heritage dramatically boosts your attributes as you level up.


Message History

You feel very sick. The orc hits you but does no damage.
A goblin comes into view. It is wielding a +0 dagger.
You feel very sick.
The goblin shouts!
You feel very sick. The orc attacks as you move away! The orc misses you.
* * * LOW HITPOINT WARNING * * *
You feel very sick. The orc attacks as you move away!
The orc hits you with a +0 mace.
* * * LOW HITPOINT WARNING * * *
x2 You feel very sick.
The goblin hits you but does no damage.
The orc throws a stone.
The stone misses you.
The stone misses the goblin.
Fire: a) +0 shortbow
Press: ? - help, Q - select action, (/) - cycle Shift-Dir - straight line, f/p - orc
Aim: an orc, wielding a +0 mace, wearing a +0 leather armour and quivering stones (almost dead, 65% to hit)
You shoot an arrow. The arrow closely misses the orc.
The arrow barely misses the orc priest.
* * * LOW HITPOINT WARNING * * *
You feel very sick. The goblin hits you with a +0 dagger.
* * * LOW HITPOINT WARNING * * *
A dart slug comes into view.
Fire: a) +0 shortbow
Press: ? - help, Q - select action, (/) - cycle Shift-Dir - straight line, f - goblin, p - orc
Aim: a goblin, wielding a +0 dagger (59% to hit)
You shoot an arrow. The arrow hits the goblin!
You kill the goblin!
* * * LOW HITPOINT WARNING * * *
You feel sick. The dart slug launches a dart at you.
The slug dart hits you but does no damage.
The orc hits you but does no damage.
Fire: a) +0 shortbow
Press: ? - help, Q - select action, (/) - cycle Shift-Dir - straight line, f - orc
Aim: an orc, wielding a +0 mace, wearing a +0 leather armour and quivering stones (severely wounded, 65% to hit)
You shoot an arrow. The arrow hits the orc.
You kill the orc!
You die...

. #w #.#
#...###
#.)@###
###)oo###
###...#
###.## #).#
##)#
###)#####
#.......#
#.......#.o


You could see an orc priest, a dart slug and an orc.

Vanquished Creatures
  Jessica (D:3)
  Natasha (thrice) (D:2)
  An orc wizard (D:4)
  Robin (D:2)
  4 adders (D:2)
  2 dart slugs (D:2)
  4 orcs (D:4)
  2 ball pythons
  3 endoplasms
  A giant cockroach (D:2)
  13 goblins
  7 hobgoblins
  7 jackals (D:1)
  2 quokkas
  4 bats
  5 frilled lizards
  4 rats
64 creatures vanquished.

Notes
Turn   | Place    | Note
-------+----------+-------------------------------------------
     0 | D:1      | wormed the Demigod Hunter began the quest for the Orb.
     0 | D:1      | Reached XP level 1. HP: 17/17 MP: 3/3
    83 | D:1      | Reached skill level 1 in Stealth
   108 | D:1      | Reached XP level 2. HP: 22/24 MP: 4/4
  1023 | D:2      | Reached skill level 1 in Armour
  1042 | D:2      | HP: 1/24 [endoplasm (2)]
  1045 | D:2      | Reached XP level 3. HP: 12/29 MP: 5/5
  1126 | D:2      | Reached skill level 4 in Ranged Weapons
  1522 | D:2      | Noticed Robin
  1530 | D:2      | Reached XP level 4. HP: 28/37 MP: 6/6
  1531 | D:2      | Killed Robin
  1661 | D:2      | Noticed Natasha
  1665 | D:2      | Killed Natasha
  2144 | D:2      | Noticed Natasha
  2155 | D:2      | Killed Natasha
  2338 | D:2      | Noticed Natasha
  2349 | D:2      | Killed Natasha
  2350 | D:2      | Reached XP level 5. HP: 34/45 MP: 7/7
  2494 | D:3      | Noticed Jessica
  2498 | D:3      | Killed Jessica
  2541 | D:3      | You fall into a shaft and drop 2 floors!
  2541 | D:5      | Entered Level 5 of the Dungeon
  2547 | D:4      | Noticed Duvessa
  2547 | D:4      | Noticed Dowan
  2691 | D:4      | HP: 1/46 [poisoned by an orc]
  2692 | D:4      | Succumbed to an orc's poison

Illustrated notes

Levels and vault maps discovered:
D:1:      saegor_arrival_fortress, layout_basic
D:2:      minmay_evil_eye, layout_basic, basic_altar,
          shapermc_ecumenical_altar_petra, uniq_natasha, uniq_robin
D:3:      layout_basic, mainiacjoe_overflow_small_starburst,
          mainiacjoe_overflow_boulevard, cheibrodos_sewer_entry_sluice,
          uniq_jessica
D:4:      layout_rooms, uniq_crazy_yiuf_cottage, uniq_duvessa
D:5:      layout_basic

Skill      XL: |  1  2  3  4 |
---------------+-------------+-----
Stealth        | 1 |  1.0
Dodging        | 2 |  2.0
Fighting       | 2 3 |  3.8
Armour         | 1 2 |  2.0
Ranged Weapons | 4 |  4.9

Action                   |  1- 3 |  4- 6 || total
-------------------------+-------+-------++-------
Melee: Shortbow          |       |     1 ||     1
 Fire: Shortbow          |   130 |    69 ||   199
  Use: Potion            |     1 |       ||     1
Armor: Leather armour    |    34 |       ||    34
       Ring mail         |       |    36 ||    36
Dodge: Dodged            |    70 |    39 ||   109
